 Dungeon Crawl Stone Soup version 0.24.1 (webtiles) character file.

Game seed: 1610189641704438435, levelgen mode: deterministic

61250 MisterOstroum the Spear-Bearer (level 14, -1/121 HPs)
             Began as a Centaur Skald on Mar 22, 2020.
             Was a High Priest of Okawaru.
             Shot with an arrow by Nessos (19 damage)
             ... on level 2 of the Orcish Mines on Mar 23, 2020.
             The game lasted 01:32:39 (29208 turns).

MisterOstroum the Spear-Bearer (Centaur Skald)     Turns: 29208, Time: 01:32:40

Health: -1/121     AC: 18    Str: 18    XL:     14   Next: 59%
Magic:  18/21      EV:  9    Int: 16    God:    Okawaru [*****.]
Gold:   1071       SH:  0    Dex: 12    Spells: 12/21 levels left

rFire    . . .     SeeInvis .   b - +10 glaive of Woe {flame, rElec rPois}
rCold    + . .     Gourm    .   (shield currently unavailable)
rNeg     . . .     Faith    .   T - +0 ring mail
rPois    +         Spirit   .   s - +0 hat {Int+3}
rElec    +         Reflect  .   D - +1 cloak
rCorr    .         Harm     .   (no gloves)
MR       +....                  U - +1 centaur barding {rC+}
Stlth    ..........             O - amulet of the acrobat
HPRegen  0.30/turn              X - +3 ring of dexterity
MPRegen  0.17/turn              R - +3 ring of protection

@: lethally poisoned (-1 -> -21), very quick
A: large, hooves 3, deformed body, speed 2, tough skin 3
a: Heroism, Finesse, Renounce Religion


You were on level 2 of the Orcish Mines.
You worshipped Okawaru.
Okawaru was extremely pleased with you.
You were not hungry.

You visited 4 branches of the dungeon, and saw 22 of its levels.

You collected 1425 gold pieces.
You spent 354 gold pieces at shops.

Inventory:

Hand Weapons
 a - a +2 demon trident of venom
 b - the +10 glaive of Woe (weapon) {flame, rElec rPois}
   (Okawaru gifted it to you on level 4 of the Lair of Beasts)

   It has been specially enchanted to burn those struck by it, causing extra
   injury to most foes and up to half again as much damage against particularly
   susceptible opponents.
   Big, fiery blades are also staple armaments of hydra-hunters.
   It insulates you from electricity.
   It protects you from poison.
 d - a +0 shortbow
Missiles
 j - 55 poisoned darts (quivered)
 l - 12 curare-tipped darts
 m - 542 arrows
 Q - 24 boomerangs
 W - 14 javelins
Armour
 q - a +3 centaur barding of flying
 s - a +0 hat of intelligence (worn)
 D - a +1 cloak (worn)
 T - a +0 ring mail (worn)
 U - a +1 centaur barding of cold resistance (worn)
Jewellery
 k - an uncursed ring of see invisible
 w - an uncursed ring of resist corrosion
 O - an amulet of the acrobat (around neck)
 R - a +3 ring of protection (right hand)
 S - an uncursed ring of stealth
 X - a +3 ring of dexterity (left hand)
Wands
 i - a wand of disintegration (30)
 u - a wand of polymorph (21)
 v - a wand of random effects (35)
 z - a wand of paralysis (11)
 H - a wand of flame (11)
 J - a wand of enslavement (7)
Scrolls
 h - 2 scrolls of immolation {unknown}
 n - 2 scrolls of identify {@r1}
 t - 12 scrolls of teleportation {@r3 !r}
 x - a scroll of acquirement {unknown}
 y - a scroll of brand weapon {unknown}
 A - 3 scrolls of blinking
 F - 6 scrolls of remove curse {@r2}
 G - 4 scrolls of magic mapping {@r5 !r}
 I - 3 scrolls of amnesia
 K - 2 scrolls of noise {unknown}
 P - 2 scrolls of fog
 V - 2 scrolls of fear
Potions
 c - a potion of resistance
 f - 7 potions of curing {@q1 !q}
 g - a potion of ambrosia
 o - 2 potions of invisibility
 p - 5 potions of lignification {@q6}
 B - 3 potions of mutation
 C - 4 potions of brilliance
 E - 4 potions of agility {@q5 !q}
 L - a potion of magic
 M - a potion of haste {@q4 !q}
 N - 2 potions of cancellation
 Y - 2 potions of heal wounds {@q2 !q}
 Z - a potion of might {@q3 !q}
Comestibles
 e - 29 rations
 r - 5 chunks of flesh


   Skills:
 - Level 10.0 Fighting
 * Level 13.4 Polearms
 + Level 6.3 Armour
 - Level 5.0 Dodging
 - Level 4.0 Spellcasting
 - Level 6.0 Hexes
 - Level 7.2 Charms
 - Level 5.0 Necromancy
 + Level 9.8 Invocations
 - Level 6.0 Evocations


You had 12 spell levels left.
You knew the following spells:

 Your Spells              Type           Power        Failure   Level  Hunger
a - Infusion              Chrm           ####         1%          1    None
b - Song of Slaying       Chrm           ####....     2%          2    ##.....
c - Spectral Weapon       Hex/Chrm       ###.....     5%          3    ###....
H - Regeneration          Chrm/Necr      ###.......   7%          3    ###....

Your spell library contained the following spells:

 Spells                   Type           Power        Failure   Level  Hunger
 Animate Skeleton         Necr           N/A          3%          1    None
 Pain                     Necr           ###.         3%          1    None
 Corpse Rot               Necr           N/A          5%          2    ##.....
 Sublimation of Blood     Necr           ###.......   5%          2    ##.....
 Shroud of Golubria       Chrm/Tloc      ##....       10%         2    ##.....
 Vampiric Draining        Necr           ###.......   11%         3    ###....
 Ozocubu's Armour         Chrm/Ice       ##......     19%         3    ###....
 Dazzling Spray           Conj/Hex       ##....       24%         3    ###....
 Summon Guardian Golem    Hex/Summ       ##......     24%         3    ###....
 Freeze                   Ice            #...         28%         1    None
 Magic Dart               Conj           #...         28%         1    None
 Summon Small Mammal      Summ           #...         28%         1    None
 Animate Dead             Necr           N/A          34%         4    ####...
 Call Imp                 Summ           #.......     38%         2    ##.....
 Searing Ray              Conj           #.....       38%         2    ##.....
 Throw Frost              Conj/Ice       #.....       38%         2    ##.....
 Excruciating Wounds      Chrm/Necr      ###.......   54%         5    ######.
 Call Canine Familiar     Summ           #.......     63%         3    ###....
 Fulminant Prism          Conj/Hex       ##........   63%         4    ####...
 Agony                    Necr           ###.....     69%         5    ######.
 Dispel Undead            Necr           ###.....     69%         5    ######.
 Force Lance              Conj/Tloc      #.......     95%         4    ####...
 Iskenderun's Mystic Bla  Conj           #.......     95%         4    ####...
 Sticky Flame             Conj/Fire      #.......     95%         4    ####...
 Summon Ice Beast         Ice/Summ       #.......     95%         4    ####...
 Summon Lightning Spire   Summ/Air       #.......     95%         4    ####...
 Throw Icicle             Conj/Ice       #.......     95%         4    ####...
 Bolt of Draining         Conj/Necr      ##........   95%         5    ######.
 Summon Demon             Summ           #.........   100%        5    ######.
 Malign Gateway           Summ/Tloc      #.........   100%        7    #######


Dungeon Overview and Level Annotations

Branches:
Dungeon (14/15)            Temple (1/1) D:5            Lair (5/6) D:9
  Swamp (0/4) Lair:4        Snake (0/4) Lair:4        Slime (0/5) Lair:5
    Orc (2/2) D:11         Vaults (0/5) D:14
    Elf: Orc:2

Altars:
Ashenzari
Cheibriados
Dithmenos
Elyvilon
Fedhas
Gozag
Hepliaklqana
Kikubaaqudgha
Makhleb
Nemelex Xobeh
Okawaru
Qazlal
Ru
Sif Muna
Trog
Uskayaw
Vehumet
Wu Jian
Xom
Yredelemnul
Zin
The Shining One
Jiyva

Shops:
D:4 [   D:12 *!   Orc:2 **

Portals:
Bazaar: D:14
Trove: D:11 (give +2 gold dragon scales)

Annotations:
D:4 1 runed translucent door, exclusion: door, Crazy Yiuf
D:5 3 runed translucent doors, rumpelstilzz's ghost, novice OpVM
D:8 Joseph
Lair:1 3 runed translucent doors
Lair:2 exclusions: hippogriff and oklob plant, Fannar
Lair:3 exclusions: downstairs and oklob plant
Orc:2 Nessos


Innate Abilities, Weirdness & Mutations

You have hooves in place of feet.
Armour fits poorly on your strangely shaped body.
You cover ground very quickly.
You have extremely tough skin. (AC +3)


Message History

Confirm with . or Enter, or press ? or * to list all spells.
You draw out your weapon's spirit!
The orc knight roars a battlecry!
The orcs go into a battle-frenzy!
Attack whom?
Press: ? - help, Dir - move target cursor, f - orc warrior
Aim: an orc warrior, wielding a +0 dire flail and wearing a +0 chain mail (heavily wounded)
You reach to attack!
You barely miss the orc warrior.
The orc warrior is heavily wounded.
The orc knight roars a battlecry!
The orc warrior goes into a battle-frenzy!
Your spectral weapon hits the orc warrior from afar!
Your spectral weapon burns the orc warrior.
You kill the orc warrior!
Okawaru accepts your kill.
Casting: Spectral Weapon (safe; 5% risk of failure)
Confirm with . or Enter, or press ? or * to list all spells.
Your skin crawls.
Nessos the Markscentaur comes into view.
The orc warrior throws a boomerang.
The boomerang hits you.
The weapon returns to the orc warrior!
Nessos gestures wildly while chanting.
Nessos seems to speed up.
Things that are here:
a +0 dire flail; a +0 chain mail; an orc corpse Attack whom?
Press: ? - help, Dir - move target cursor, f - orc warrior
Aim: an orc warrior, wielding a +0 flail and wearing a +0 chain mail (unusually strong)
You reach to attack!
You slash the orc warrior! You burn the orc warrior.
The orc warrior is moderately wounded.
The orc warrior throws a boomerang.
The boomerang barely misses you.
Attack whom?
Press: ? - help, Dir - move target cursor, f/p - orc warrior
Aim: an orc warrior, wielding a +0 flail and wearing a +0 chain mail (moderately wounded, unusually strong)
You reach to attack!
You slash the orc warrior! You burn the orc warrior.
The orc warrior is severely wounded.
The orc warrior throws a boomerang.
The boomerang closely misses you.
The weapon returns to the orc warrior!
Attack whom?
Press: ? - help, Dir - move target cursor, f/p - orc warrior
Aim: an orc warrior, wielding a +0 flail and wearing a +0 chain mail (severely wounded, unusually strong)
You reach to attack!
You slash the orc warrior! You burn the orc warrior.
You kill the orc warrior!
Okawaru accepts your kill.
Nessos wields a +3 longbow of flaming.
It bursts into flame!
Nessos shoots an arrow.
The arrow hits you! The arrow burns you.
Nessos blinks!
You hear a shout!
You slash the orc knight! You burn the orc knight.
Your kick misses the orc knight.
The orc knight is lightly wounded.
Your spectral weapon hits the orc knight from afar!
Your spectral weapon burns the orc knight.
The orc knight hits you with a +2 long sword of holy wrath!!
Nessos blinks!
You swap places.
The orc knight roars a battlecry!
The orcs go into a battle-frenzy!
Nessos blinks!
The orc knight hits your spectral weapon with a +2 long sword of holy wrath!!
Your spectral weapon shares its damage with you!
Your spectral weapon fades away.
Your skin is crawling a little less now.
Your skin stops crawling.
Some of the chunks of flesh in your inventory have rotted away.
Casting: Regeneration (safe; 7% risk of failure)
Confirm with . or Enter, or press ? or * to list all spells.
Your skin crawls.
Your skin is crawling a little less now.
Unknown command.
You see here a +0 club.
Your skin stops crawling.
Nessos shoots an arrow.
The arrow hits you!! The arrow burns you.
You are poisoned.
You see here an arrow.
You feel sick.
You feel sick.
Okay, then.
Unknown command.
Press: ? - help, v - describe, . - travel
Here: Nessos, wielding a +3 longbow of flaming and wearing a +0 centaur barding (fast)
The floor.
Evoke which item? (* to show all) (? for menu, Esc to quit)
Aiming: Polymorph
Press: ? - help, Shift-Dir - straight line, f - Nessos
Aim: Nessos, wielding a +3 longbow of flaming and wearing a +0 centaur barding (fast, chance to defeat MR: 64%) Nessos struggles to resist.
You feel very sick.
Nessos shoots an arrow.
The arrow hits you!
* * * LOW HITPOINT WARNING * * *
The arrow burns you.
* * * LOW HITPOINT WARNING * * *
Nessos shoots an arrow.
The arrow hits you!
* * * LOW HITPOINT WARNING * * *
The arrow burns you.
* * * LOW HITPOINT WARNING * * *
Really quaff
Y - 3 potions of heal wounds {@q2 !q}?
You feel much better.
* * * LOW HITPOINT WARNING * * *
You feel sick.
Nessos blinks!
Nessos shoots an arrow.
The arrow hits you!!
You die...

.....# ##..............#. ....##
##.(....#.....### ##...#
##(#.##......##. .##.#####
##)#####....#### ## ####.###
##))..##...### # #### #....##
#......#...# # #..####....###
##......##.##
.....##.#.##.###......#####
#...).........##@...#.#.##### #
####.#)......###..........#.## ##
#.#####)....##..(............###.
...# ###.)..#......#..#.......##.
#.####.#...###..c......#.....##..
...##.....##..........#.....#..#.
#.###......).....................
.).##...)).ยง...................##
#.##...)))(...))...............##


You could see Nessos.

Vanquished Creatures
  Jorgrun (D:14)
  Frances (D:14)
  Gastronok (Lair:3)
  Azrael (D:13)
  Josephine (D:13)
  4 hydras
  Erica (D:11)
  A centaur warrior (D:14)
  2 dancing weapons (D:14)
  A two-headed ogre (D:14)
  Urug (Lair:3)
  2 unseen horrors (D:10)
  A deep elf archer (D:14)
  7 orc knights
  Pikel (D:4)
  An orc sorcerer (Orc:1)
  3 deep elf magi
  A wolf spider zombie (D:13)
  A cyclops (D:13)
  3 ugly things
  2 manticores (D:11)
  6 elephants (Lair:5)
  2 black mambas (Lair:3)
  4 spiny frogs
  A centaur skeleton (D:11)
  A torpor snail (Lair:3)
  2 komodo dragons (Lair:3)
  2 rime drakes
  3 kobold demonologists (D:14)
  2 trolls
  A wolf spider simulacrum (D:14)
  Prince Ribbit (D:5)
  A hornet (D:12)
  9 blink frogs
  3 slime creatures (D:13)
  A raiju (shapeshifter) (D:14)
  6 dream sheep (Lair:4)
  5 hippogriffs
  A meliai zombie (D:12)
  A shadow (D:11)
  3 fire elementals (D:13)
  6 wraiths
  29 yaks
  2 wyverns
  Eustachio (D:4)
  2 basilisks
  6 vampire mosquitoes
  11 wargs
  An acid dragon (D:12)
  14 water moccasins
  7 porcupines
  28 orc warriors
  3 hell hounds (D:13)
  A slave (D:4)
  An ice beast (D:7)
  2 eyes of draining
  2 black bears
  8 ogres
  3 sky beasts
  3 phantoms
  5 wolves (Lair:5)
  18 centaurs
  10 crocodiles
  13 bullfrogs
  5 big kobolds
  Blork the orc (D:6)
  A gnoll sergeant (D:10)
  3 scorpions
  51 killer bees
  3 wights (D:8)
  6 jellies
  8 howler monkeys
  8 crimson imps
  5 centaur zombies
  2 quasits (D:9)
  2 bullfrog zombies
  9 hounds
  9 orc priests
  23 orc wizards
  4 bullfrog skeletons
  7 iguanas
  Ijyb (D:5)
  9 worker ants
  A killer bee zombie (D:5)
  A mummy (D:5)
  2 worker ant zombies
  Robin (D:3)
  4 gnolls (D:10)
  2 howler monkey skeletons
  21 adders
  3 shadow imps
  2 oozes
  An adder skeleton (D:6)
  An adder zombie (D:5)
  A worm (D:3)
  2 dart slugs (D:1)
  3 leopard geckos
  87 orcs
  8 bats
  6 giant cockroaches
  11 goblins
  10 hobgoblins
  6 jackals
  16 kobolds
  11 quokkas
  9 frilled lizards
  A quokka skeleton (D:5)
  9 rats
644 creatures vanquished.

Vanquished Creatures (others)
  A sky beast (D:5)
  An orc wizard (Orc:2)
  An adder (D:4)
  A bush (Lair:4)
  13 fungi (Lair:4)
  10 plants
  33 spectral weapons
60 creatures vanquished.

Grand Total: 704 creatures vanquished

Notes
Turn   | Place    | Note
-------+----------+-------------------------------------------
     0 | D:1      | MisterOstroum the Centaur Skald began the quest for the
                  | Orb.
     0 | D:1      | Reached XP level 1. HP: 17/17 MP: 3/3
   147 | D:1      | Reached skill level 2 in Polearms
   243 | D:1      | Reached XP level 2. HP: 24/24 MP: 0/4
   568 | D:1      | Learned a level 2 spell: Song of Slaying
   975 | D:2      | Found a bloodstained altar of Trog.
   997 | D:2      | Reached XP level 3. HP: 26/30 MP: 1/5
  1253 | D:2      | Noticed a scorpion
  1309 | D:2      | Killed a scorpion
  1309 | D:2      | Reached skill level 3 in Polearms
  1309 | D:2      | Reached XP level 4. HP: 38/38 MP: 2/6
  1452 | D:2      | Learned a level 3 spell: Spectral Weapon
  1854 | D:3      | Reached XP level 5. HP: 45/45 MP: 5/7
  2136 | D:3      | Reached skill level 1 in Hexes
  2262 | D:3      | Reached XP level 6. HP: 52/52 MP: 8/8
  2408 | D:3      | Noticed Robin
  2422 | D:3      | Killed Robin
  3251 | D:4      | Noticed an orc warrior
  3293 | D:4      | Killed an orc warrior
  3293 | D:4      | Reached skill level 4 in Polearms
  3659 | D:4      | Found an ancient bone altar of Kikubaaqudgha.
  3663 | D:4      | Found Fykulloc's Armour Boutique.
  3780 | D:4      | Reached skill level 5 in Fighting
  3780 | D:4      | Reached XP level 7. HP: 34/61 MP: 2/9
  4098 | D:4      | You fall into a shaft and drop 3 floors!
  4164 | D:6      | Noticed Blork the orc
  4223 | D:5      | Entered Level 5 of the Dungeon
  4312 | D:5      | Reached skill level 5 in Polearms
  4882 | D:5      | Reached XP level 8. HP: 57/68 MP: 2/10
  5091 | D:4      | Found a shimmering altar of Xom.
  5092 | D:4      | Noticed an angel
  5095 | D:4      | Found a glowing silver altar of Zin.
  5160 | D:4      | Noticed Pikel
  5167 | D:4      | Noticed Eustachio
  5180 | D:4      | Killed Pikel
  5180 | D:4      | Reached skill level 6 in Polearms
  5180 | D:4      | Reached skill level 5 in Charms
  5201 | D:4      | Killed Eustachio
  5466 | D:4      | Found a runed translucent door.
  5467 | D:4      | Noticed Crazy Yiuf
  5597 | D:5      | Found a staircase to the Ecumenical Temple.
  5617 | Temple   | Entered the Ecumenical Temple
  5740 | Temple   | Became a worshipper of Warmaster Okawaru
  5855 | D:5      | Noticed Prince Ribbit
  5882 | D:5      | Killed Prince Ribbit
  6086 | D:5      | Found a snail-covered altar of Cheibriados.
  6094 | D:5      | Reached XP level 9. HP: 74/74 MP: 11/11
  6421 | D:5      | Found a runed translucent gate.
  6421 | D:5      | Found a runed translucent gate.
  6421 | D:5      | Found a runed translucent gate.
  6421 | D:5      | Noticed rumpelstilzz's ghost (novice OpVM)
  6579 | D:5      | Noticed Ijyb
  6609 | D:5      | Reached * piety under Okawaru
  6611 | D:5      | Killed Ijyb
  6611 | D:5      | Reached skill level 5 in Hexes
  7106 | D:6      | Found a sacrificial altar of Ru.
  7448 | D:6      | Killed Blork the orc
  7448 | D:6      | Reached skill level 7 in Polearms
  8021 | D:7      | Reached skill level 1 in Invocations
  8339 | D:7      | Found a shadowy altar of Dithmenos.
  9119 | D:8      | Upgraded the game from 0.24.0-125-gc4c63601f3 to 0.24.1
  9185 | D:8      | Noticed Joseph
  9296 | D:8      | Reached ** piety under Okawaru
  9347 | D:8      | Found an iron altar of Okawaru.
  9763 | D:9      | Found a blossoming altar of Fedhas.
  9841 | D:9      | Reached XP level 10. HP: 83/83 MP: 14/14
 10023 | D:9      | Reached skill level 1 in Armour
 10292 | D:9      | Reached *** piety under Okawaru
 10689 | D:9      | Found a white marble altar of Elyvilon.
 11062 | D:9      | Found a basalt altar of Yredelemnul.
 11191 | D:9      | Reached skill level 8 in Polearms
 11488 | D:9      | Found a sparkling altar of Nemelex Xobeh.
 11490 | D:9      | Found a hazy altar of Hepliaklqana.
 11490 | D:9      | Found a shimmering blue altar of Sif Muna.
 11512 | D:9      | Found a staircase to the Lair.
 11521 | Lair:1   | Entered Level 1 of the Lair of Beasts
 11843 | Lair:1   | Learned a level 3 spell: Regeneration
 11928 | Lair:1   | Noticed a spiny frog
 11939 | Lair:1   | Killed a spiny frog
 11939 | Lair:1   | Reached **** piety under Okawaru
 12171 | Lair:1   | Found a runed translucent gate.
 12171 | Lair:1   | Found a runed translucent gate.
 12173 | Lair:1   | Found a runed translucent gate.
 12491 | Lair:1   | Reached skill level 1 in Necromancy
 12806 | Lair:2   | Noticed a spiny frog
 12824 | Lair:2   | Killed a spiny frog
 12836 | Lair:2   | Reached XP level 11. HP: 29/92 MP: 11/16
 13795 | Lair:2   | Noticed Fannar
 14105 | Lair:2   | Noticed an oklob plant
 14441 | Lair:3   | You fall into a shaft and drop 2 floors!
 14467 | Lair:5   | Reached ***** piety under Okawaru
 14633 | Lair:5   | Received a gift from Okawaru
 15105 | Lair:4   | Reached skill level 9 in Polearms
 15192 | Lair:4   | Received a gift from Okawaru
 15732 | Lair:3   | Noticed a six-headed hydra
 15825 | Lair:3   | Noticed Gastronok
 15970 | Lair:3   | Identified the Papyrus of Combat Magic and Companions
 16004 | Lair:3   | Noticed Urug
 16032 | Lair:3   | Killed Urug
 16213 | Lair:3   | Reached skill level 1 in Evocations
 16265 | Lair:3   | Noticed an oklob plant
 16381 | Lair:3   | Reached XP level 12. HP: 104/104 MP: 14/18
 16618 | Lair:2   | Killed a six-headed hydra
 16618 | Lair:2   | Received a gift from Okawaru
 16762 | Lair:4   | Noticed an eight-headed hydra
 16779 | Lair:3   | HP: 3/104 [black mamba (13)]
 16782 | Lair:3   | Reached skill level 5 in Invocations
 16797 | Lair:3   | HP: 5/104 [poisoned by a black mamba]
 16804 | Lair:3   | HP: 5/104 [poisoned by a black mamba]
 17214 | Lair:4   | Noticed a four-headed hydra
 17252 | Lair:3   | Killed a four-headed hydra
 17467 | Lair:3   | Killed Gastronok
 17467 | Lair:3   | Reached skill level 10 in Polearms
 18621 | Lair:4   | Found a staircase to the Swamp.
 18624 | Lair:4   | Killed an eight-headed hydra
 18682 | Lair:4   | Reached skill level 10 in Fighting
 19222 | Lair:4   | Received a gift from Okawaru
 19262 | Lair:4   | Got a slimy glaive {god gift}
 19263 | Lair:4   | Identified the +10 glaive of Woe {flame, rElec rPois}
                  | (Okawaru gifted it to you on level 4 of the Lair of Beasts)
 19729 | Lair:4   | Noticed a six-headed hydra
 19741 | Lair:4   | Killed a three-headed hydra
 19781 | Lair:4   | Found a staircase to the Snake Pit.
 20123 | Lair:5   | Reached XP level 13. HP: 86/113 MP: 16/19
 20362 | Lair:5   | Found a viscous altar of Jiyva.
 20362 | Lair:5   | Found a staircase to the Slime Pits.
 20548 | Lair:5   | Found a sacrificial altar of Ru.
 21140 | D:10     | Entered Level 10 of the Dungeon
 21476 | D:10     | Reached skill level 5 in Necromancy
 21512 | D:10     | Reached skill level 5 in Dodging
 21527 | D:10     | Reached ****** piety under Okawaru
 21773 | D:10     | Reached skill level 11 in Polearms
 22016 | D:11     | Noticed Erica
 22022 | D:11     | Killed Erica
 22069 | D:11     | Reached skill level 5 in Armour
 22587 | D:11     | Found a portal to a secret trove of treasure.
 22859 | D:11     | Found a staircase to the Orcish Mines.
 22942 | D:11     | Received a gift from Okawaru
 23637 | D:12     | Found Zothri's Mayhem Merchandise.
 23781 | D:12     | Found Xedus's Distillery.
 23789 | D:12     | Bought a potion of curing for 51 gold pieces
 23789 | D:12     | Bought a potion of agility for 68 gold pieces
 23789 | D:12     | Bought a potion of curing for 51 gold pieces
 23789 | D:12     | Bought a potion of might for 68 gold pieces
 24366 | D:13     | Reached skill level 5 in Evocations
 24903 | D:13     | Noticed Azrael
 24927 | D:13     | Killed Azrael
 24927 | D:13     | Received a gift from Okawaru
 24927 | D:13     | Reached skill level 12 in Polearms
 25351 | D:13     | Got a scorched crystal plate armour {god gift}
 25367 | D:13     | Identified the +6 crystal plate armour "Jech" {Regen+ Str+4
                  | Int+3} (Okawaru gifted it to you on level 13 of the
                  | Dungeon)
 25879 | D:14     | Noticed Josephine
 25894 | D:13     | Killed Josephine
 26170 | D:14     | Found a gateway to a bazaar.
 26210 | D:14     | Noticed Rupert
 26253 | D:14     | Noticed Jorgrun
 26270 | D:14     | Killed Jorgrun
 26270 | D:14     | Reached XP level 14. HP: 81/121 MP: 13/20
 27004 | D:14     | Noticed Frances
 27019 | D:14     | Killed Frances
 27038 | D:14     | Found a gate to the Vaults.
 27481 | Orc:1    | Entered Level 1 of the Orcish Mines
 27488 | Orc:1    | Reached skill level 13 in Polearms
 27902 | Orc:2    | Entered Level 2 of the Orcish Mines
 28322 | Orc:2    | Received a gift from Okawaru
 28688 | Orc:2    | Found Tinkev's Assorted Antiques.
 28688 | Orc:2    | Found Ythuif's General Store.
 28693 | Orc:2    | Bought a scroll labeled JAPETTETEH for 32 gold pieces
 28697 | Orc:2    | Bought a scroll of teleportation for 42 gold pieces
 28697 | Orc:2    | Bought a scroll of teleportation for 42 gold pieces
 29166 | Orc:2    | Noticed Nessos
 29207 | Orc:2    | HP: 2/121 [Nessos/arrow (6)]
 29208 | Orc:2    | Shot with an arrow by Nessos

Levels and vault maps discovered:
D:1:      onia_arrival_pyramid, layout_basic, minmay_lizard_pond
D:2:      layout_basic, nicolae_overflow_hidden_temple
D:3:      layout_loops_ring, uniq_robin
D:4:      layout_cave_pods, grunt_temple_overflow_order_and_chaos_1,
          kennysheep_mini_moat, serial_shops, shop, uniq_crazy_yiuf_cottage,
          uniq_pikel, uniq_eustachio
D:5:      layout_gridville, slow_altar_2, minmay_temple_entry_mini_moons,
          gammafunk_ghost_necromancy, first_ration, uniq_prince_ribbit1,
          uniq_ijyb
D:6:      layout_cave_pools, nicolae_ru_path_of_blood, kennysheep_nondescript,
          uniq_blork_the_orc
D:7:      layout_rooms, grunt_dithmenos_smoke_and_mirrors
D:8:      layout_loops_ring, okawaru_ov_weapons_minmay, uniq_joseph
D:9:      layout_gridville, kennysheep_little_box, elyvilon_altar_5,
          grunt_temple_overflow_diamond, kennysheep_mini, lair_entry_dummy
D:10:     layout_loops_cross, chequers_jeans
D:11:     layout_loops_ring, david_orc_1_choice, trove_entry_hex_spiral,
          uniq_erica
D:12:     layout_cave_pools, serial_shops, nicolae_shop_stone,
          minmay_shop_mayhem
D:13:     layout_basic, uniq_azrael
D:14:     layout_loops_ring, erik_vaults_1, serial_shops, bzr_entry_water,
          chequers_serial_rivers_small_b, uniq_rupert, uniq_frances,
          uniq_jorgrun, uniq_josephine
Temple:   compressed_dpeg_circular_temple
Lair:1:   layout_small_grid, gammafunk_ghost_icy, minivault_26
Lair:2:   layout_layer_cave, serial_rivers, chequers_serial_rivers_micro_d,
          chequers_serial_rivers_marsh, chequers_serial_rivers_micro_e,
          chequers_serial_rivers_micro_b, chequers_serial_rivers_micro_c,
          grunt_megastairs_5, minmay_lair_oklob_chamber, uniq_fannar
Lair:3:   minmay_lair_oklob_tunnel, layout_loops_ring, grunt_megastairs_1,
          uniq_gastronok, uniq_urug
Lair:4:   wad_woods_minihive, layout_regular_city, swamp_mist,
          minmay_snake_entry_six_corridors, chequers_serial_rivers_marsh,
          wad_woods_road_02
Lair:5:   layout_cave_pods, dpeg_slime_entry_enclosed_altar, fungi_pond_lemuel,
          serial_bayou_pond_d, lemuel_centaur_altar, grunt_megastairs_2,
          infiniplex_staircase_pool_2
Orc:1:    layout_caves, mines4_lemuel
Orc:2:    st_orc_town, layout_caves, uniq_nessos

Skill      XL: |  1  2  3  4  5  6  7  8  9 10 11 12 13 14 |
---------------+-------------------------------------------+-----
Polearms       | 2 3 4 5 6 7 8 9 10 12 13 | 13.4
Charms         | 3 4 5 7 |  7.2
Fighting       | 3 4 5 6 7 9 10 | 10.0
Hexes          | 1 2 3 4 6 |  6.0
Spellcasting   | 2 3 4 |  4.0
Invocations    | 2 4 6 8 9 |  9.8
Armour         | 2 3 4 5 6 |  6.3
Dodging        | 2 3 4 5 |  5.0
Necromancy     | 1 3 4 5 |  5.0
Evocations     | 1 3 5 6 |  6.0

Action                   |  1- 3 |  4- 6 |  7- 9 | 10-12 | 13-15 || total
-------------------------+-------+-------+-------+-------+-------++-------
Melee: Spear             |    73 |   164 |   321 |   607 |    48 ||  1213
       Kick              |     8 |    19 |    55 |   134 |   124 ||   340
       Trident           |       |       |    30 |   129 |       ||   159
       Punch             |       |       |       |     2 |       ||     2
       Glaive            |       |       |       |    17 |   534 ||   551
       Demon trident     |       |       |       |       |   189 ||   189
 Fire: Hand crossbow     |       |       |       |     1 |       ||     1
Throw: Stone             |     2 |     2 |     1 |    33 |    11 ||    49
       Dart              |       |       |    10 |       |    24 ||    34
 Cast: Infusion          |    12 |     6 |    13 |     8 |     1 ||    40
       Spectral Weapon   |       |     3 |    17 |    76 |    10 ||   106
       Song of Slaying   |       |       |     1 |     3 |       ||     4
       Regeneration      |       |       |       |    25 |    12 ||    37
Invok: Heroism           |       |       |     1 |    19 |    20 ||    40
       Finesse           |       |       |       |     1 |     2 ||     3
Evoke: Wand              |       |       |       |     3 |     2 ||     5
  Use: Scroll            |       |     3 |     9 |     9 |    10 ||    31
       Potion            |       |     1 |       |     2 |     2 ||     5
 Stab: Distracted        |       |     1 |     4 |     5 |       ||    10
       Sleeping          |       |     1 |     2 |     1 |       ||     4
  Eat: Chunk             |     1 |     6 |    20 |    28 |    22 ||    77
       Ration            |       |       |       |     3 |     2 ||     5
Armor: Leather armour    |    16 |    31 |    47 |   153 |     1 ||   248
       Ring mail         |       |       |       |       |   226 ||   226
Dodge: Dodged            |    17 |    41 |    65 |   215 |   220 ||   558
